 Dungeon Crawl Stone Soup version 0.25-a0-890-g62861fb (webtiles) character file.

Game seed: 3928130956144464987, levelgen mode: deterministic

63 BlueFish the Insei (level 4, -3/28 HPs)
             Began as an Octopode Transmuter on May 10, 2020.
             Killed from afar by an orc wizard (9 damage)
             ... with a puff of flame
             ... on level 2 of the Dungeon.
             The game lasted 00:02:49 (1420 turns).

BlueFish the Insei (Octopode Transmuter)            Turns: 1420, Time: 00:02:50

Health: -3/28      AC:  1    Str: 10    XL:     4   Next: 10%
Magic:  5/7        EV: 13    Int: 15    God:
Gold:   106        SH:  0    Dex: 12    Spells: 1/7 levels left

rFire    . . .     SeeInvis .     - Unarmed
rCold    . . .     Gourm    .   (no shield)
rNeg     . . .     Faith    .   (helmet restricted)
rPois    .         Spirit   .   (no amulet)
rElec    .         Reflect  .   (no ring)
rCorr    .         Harm     .   (no ring)
MR       .....                  (no ring)
Stlth    +++.......             (no ring)
HPRegen  0.09/turn              (no ring)
MPRegen  0.10/turn              (no ring)
                                (no ring)
                                (no ring)

@: appendage
A: almost no armour, stealthy swim, amphibious, 8 rings, constrict 8, tentacle
spike 3, camouflage 1, gelatinous body 1
a: End Transformation


You were on level 2 of the Dungeon.
You were not hungry.
One of your tentacles had a temporary spike.
You visited 1 branch of the dungeon, and saw 2 of its levels.

You collected 106 gold pieces.

Inventory:

Hand Weapons
 j - a +1 short sword of freezing
Missiles
 a - 12 arrows
Jewellery
 e - an uncursed amulet of faith
 o - a +3 ring of evasion {unknown}
Scrolls
 d - a scroll of remove curse {unknown}
 h - a scroll of blinking
 i - a scroll of random uselessness {unknown}
 m - a scroll of enchant weapon {unknown}
Potions
 b - a potion of curing
 f - a potion of flight
 g - a potion of mutation {unknown}
 k - a potion of lignification {unknown}
 l - 2 potions of haste {unknown}
Comestibles
 c - 5 rations
 n - 4 chunks of flesh


   Skills:
 * Level 1.5 Fighting
 * Level 2.3 Dodging
 * Level 1.8 Stealth
 * Level 3.6 Unarmed Combat
 + Level 2.1 Spellcasting
 * Level 2.5 Transmutations
 * Level 0.4 Poison Magic


You had one spell level left.
You knew the following spells:

 Your Spells              Type           Power        Failure   Level  Hunger
a - Beastly Appendage     Tmut           #.....       8%          1    #......
b - Sticks to Snakes      Tmut           #.......     12%         2    ###....
c - Spider Form           Tmut/Pois      #.........   34%         3    ###....

Your spell library contained the following spells:

 Spells                   Type           Power        Failure   Level  Hunger
 Ice Form                 Ice/Tmut       #.......     78%         4    #####..
 Blade Hands              Tmut           #.........   91%         5    ######.


Dungeon Overview and Level Annotations

Branches:
Dungeon (2/15)

Altars:
Dithmenos
Gozag


Innate Abilities, Weirdness & Mutations

You cannot wear most types of armour.
You are very stealthy in the water. (Stealth+)
You are amphibious.
You can wear up to eight rings at the same time.
You can use your tentacles to constrict eight enemies at once.
Your skin changes colour to match your surroundings (Stealth+).
Your rubbery body absorbs attacks. (AC +1, EV +1)
One of your tentacles bears a large vicious spike.


Message History

Things that are here:
an orc corpse x2
Butcher an orc corpse? [(y)es/(n)o/(a)ll/(q)uit/?]
You butcher the orc corpse. x2
n - a chunk of flesh;
n - 4 chunks of flesh (gained 3)
Things that are here:
an orc skeleton x2
An orc wizard comes into view. It is wielding a +0 dagger.
Things that are here:
a +0 whip of flaming; a +0 leather armour; an orc corpse You butcher the orc corpse.
The orc wizard shouts!
You hear a shout!
Items here: % ) [ ÷ a +0 whip of flaming; a +0 leather armour; 2 chunks of flesh; an orc skeleton
Casting: Beastly Appendage (safe; 8% risk of failure)
Confirm with . or Enter, or press ? or * to list all spells.
You extend your transformation's duration.
The orc wizard points at you and mumbles some strange words.
The puff of flame hits you!
You die...

....<......> #....#.#.#.#.#.#
##############+#........#.#.#
..............######.#.#
..............+
..............##
#########'#......
#.....)..... #.###########...
### #..o÷@.......# ..#
#..#########..# ..# #.... ..#
#...8.. ..# #.......o ..#
#......o. ..# #......oo ..#
##..8...8 ..#


You could see an orc wizard.

Vanquished Creatures
  An orc priest (D:2)
  An adder (D:2)
  A dart slug (D:2)
  2 orcs (D:2)
  3 bats
  A giant cockroach (D:2)
  2 goblins
  3 hobgoblins (D:1)
  2 kobolds (D:2)
  A frilled lizard (D:1)
  2 rats
19 creatures vanquished.

Notes
Turn   | Place    | Note
-------+----------+-------------------------------------------
     0 | D:1      | BlueFish the Octopode Transmuter began the quest for the
                  | Orb.
     0 | D:1      | Reached XP level 1. HP: 13/13 MP: 3/3
     6 | D:1      | Noticed a queen ant
     6 | D:1      | Noticed a komodo dragon
     7 | D:1      | Noticed a yaktaur captain
     7 | D:1      | Noticed a hell rat
   515 | D:1      | Reached XP level 2. HP: 18/18 MP: 3/5
   522 | D:1      | Learned a level 2 spell: Sticks to Snakes
   990 | D:2      | Reached skill level 1 in Stealth
  1245 | D:2      | Reached XP level 3. HP: 23/23 MP: 4/6
  1250 | D:2      | Learned a level 3 spell: Spider Form
  1366 | D:2      | Found a shadowy altar of Dithmenos.
  1366 | D:2      | Found an opulent altar of Gozag.
  1411 | D:2      | Reached XP level 4. HP: 5/28 MP: 5/7
  1420 | D:2      | Killed from afar by an orc wizard

Levels and vault maps discovered:
D:1:      onia_arrival_zoo_common, layout_loops_corners
D:2:      cheibrodos_pilgrimage, layout_basic, gammafunk_temple_overflow_wave,
          minmay_pentomino_w2

Skill      XL: |  1  2 |
---------------+-------+-----
Stealth        | 1 |  1.8
Fighting       | |  1.5
Dodging        | |  2.3
Unarmed Combat | |  3.6
Spellcasting   | |  2.1
Transmutations | |  2.5
Poison Magic   | |  0.4

Action                   |  1- 3 |  4- 6 || total
-------------------------+-------+-------++-------
Melee: Unarmed           |    38 |     2 ||    40
       Constrict         |    10 |       ||    10
       Kick              |    10 |     1 ||    11
       Punch             |     1 |       ||     1
       Tentacles         |     4 |       ||     4
 Cast: Beastly Appendage |    16 |     1 ||    17
  Use: Scroll            |     6 |       ||     6
 Stab: Sleeping          |     4 |       ||     4
  Eat: Chunk             |     2 |       ||     2
Armor: Skin              |     1 |       ||     1
Dodge: Dodged            |    18 |     1 ||    19

Table legend:
 A = Non-vault XP
 B = Vault XP
 C = Vault XP percentage of total XP
 D = Non-vault monster count
 E = Vault monster count
 F = Vault count percentage of total count
                 A         B        C        D         E       F
            +---------+---------+-------+---------+---------+-------
      Total |      25 |      66 |  72.5 |      14 |       5 |  26.3
            +---------+---------+-------+---------+---------+-------
        D:1 |      14 |       0 |   0.0 |       8 |       0 |   0.0
        D:2 |      11 |      66 |  85.7 |       6 |       5 |  45.5
            +---------+---------+-------+---------+---------+-------
